 Dungeon Crawl Stone Soup version 0.32-a0-17-gb74e046682 (webtiles) character file.

Game seed: 12699236752910805518

6046 graki42 the Destroyer (level 10, -2/76 HPs)
             Began as a Gnoll Conjurer on Jan 15, 2024.
             Was an Initiate of Sif Muna.
             Shot with an arrow by a centaur (9 damage)
             ... on level 9 of the Dungeon.
             The game lasted 00:26:00 (10947 turns).

graki42 the Destroyer (Gnoll Conjurer)             Turns: 10947, Time: 00:26:00

Health: -2/76      AC:  3    Str:  6    XL:     10   Next: 87%
Magic:  2/21       EV: 14    Int: 23    God:    Sif Muna [......]
Gold:   678        SH:  0    Dex: 10    Spells: 13/24 levels left

rFire   . . .        v - +0 dagger (venom)
rCold   + . .        (no shield)
rNeg    . . .        a - +0 robe
rPois   .            g - +0 helmet
rElec   .            (no cloak)
rCorr   .            (no gloves)
SInv    .            (no boots)
Will    +....        (no amulet)
Stlth   +++          k - ring of willpower
HPRegen 0.32/turn    s - ring of protection from cold
MPRegen 0.17/turn

%: no passive effects
@: lethally poisoned (-2 -> -5), very slightly contaminated
A: fangs 1, strong nose, distributed training
a: Renounce Religion


You were on level 9 of the Dungeon.
You worshipped Sif Muna.
Sif Muna was noncommittal.
You visited 2 branches of the dungeon, and saw 10 of its levels.

You collected 678 gold pieces.

Inventory:

Hand Weapons
 v - a +0 dagger of venom (weapon)
Missiles
 E - a throwing net
Armour
 a - a +0 robe (worn)
 g - a +0 helmet (worn)
 r - an orb of energy
Jewellery
 k - a ring of willpower (left hand)
 n - a ring of ice
 s - a ring of protection from cold (right hand)
 u - a +6 ring of strength
 A - a ring of fire
 D - a ring of protection from fire
Wands
 p - a wand of polymorph (8)
 y - a wand of roots (4)
 F - a wand of digging (6)
 H - a wand of flame (6)
Scrolls
 d - a scroll of amnesia {unknown}
 f - 2 scrolls of silence {unknown}
 h - 4 scrolls of poison {unknown}
 l - a scroll of revelation {unknown}
 m - a scroll of enchant armour {unknown}
 q - 2 scrolls of immolation {unknown}
 t - 2 scrolls of teleportation {unknown}
 w - a scroll of vulnerability {unknown}
 z - a scroll of acquirement {unknown}
 B - 3 scrolls of identify
 I - a scroll of noise {unknown}
 J - a scroll of fear {unknown}
 K - a scroll of blinking {unknown}
Potions
 b - a potion of magic
 c - 2 potions of haste
 e - 2 potions of curing
 i - a potion of heal wounds
 j - a potion of berserk rage
 o - a potion of might {unknown}
 x - a potion of lignification {unknown}
 C - a potion of attraction {unknown}
 G - a potion of enlightenment {unknown}


   Skills:
 + Level 5.9 Fighting
 + Level 5.9 Short Blades
 + Level 5.9 Long Blades
 + Level 5.9 Axes
 + Level 5.9 Maces & Flails
 + Level 5.9 Polearms
 + Level 5.9 Staves
 + Level 5.9 Ranged Weapons
 + Level 5.9 Throwing
 + Level 5.9 Armour
 + Level 7.5 Dodging
 + Level 7.3 Stealth
 + Level 5.9 Shields
 + Level 5.9 Unarmed Combat
 + Level 7.8 Spellcasting
 + Level 8.7 Conjurations
 + Level 4.8 Hexes
 + Level 4.8 Summonings
 + Level 4.8 Necromancy
 + Level 4.8 Translocations
 + Level 4.8 Fire Magic
 + Level 4.8 Ice Magic
 + Level 4.8 Air Magic
 + Level 4.8 Earth Magic
 + Level 4.8 Alchemy
 + Level 6.4 Invocations
 + Level 5.9 Evocations
 + Level 5.3 Shapeshifting


You had 13 spell levels left.
You knew the following spells:

 Your Spells              Type           Power      Damage    Failure   Level
a - Magic Dart            Conj           100%       1d8       1%          1
b - Searing Ray           Conj           98%        2d8       1%          2
c - Fulminant Prism       Conj/Alch      20%        3d12      4%          4
d - Iskenderun's Mystic   Conj/Tloc      40%        2d9       4%          4

Your spell library contained the following spells:

 Spells                   Type           Power      Damage    Failure   Level
 Ensorcelled Hibernation  Hex/Ice        62%        N/A       1%          2
 Passwall                 Erth           31%        N/A       2%          3
 Swiftness                Air            31%        N/A       2%          3
 Passage of Golubria      Tloc           31%        N/A       10%         4
 Summon Blazeheart Golem  Fire/Summ      31%        N/A       10%         4
 Silence                  Hex/Air        15%        N/A       26%         5
 Orb of Destruction       Conj           24%        9d9       86%         7
 Spellforged Servitor     Conj/Summ      20%        N/A       98%         7
 Lehudib's Crystal Spear  Conj/Erth      20%        10d6      100%        8


Dungeon Overview and Level Annotations

Branches:
Dungeon (9/15)             Temple (1/1) D:7
   Lair: D:8-11         Orc: D:9-12

Altars:
Ashenzari
Cheibriados
Dithmenos
Elyvilon
Fedhas
Gozag
Kikubaaqudgha
Makhleb
Nemelex Xobeh
Okawaru
Qazlal
Ru
Sif Muna
Trog
Uskayaw
Vehumet
Wu Jian
Xom
Yredelemnul
Zin

Shops:
D:3 :   D:4 (([[*   D:6 =[:!?   D:8 (


Innate Abilities, Weirdness & Mutations

You have very sharp teeth.
Your uncanny sense of smell can sniff out nearby items.
Your experience applies equally to all skills.


Message History

You feel very sick.
The centaur wields a +0 orcbow.
The centaur shoots an arrow.
The arrow hits you!!
* * * LOW HITPOINT WARNING * * *
You feel much better.
You feel sick. The hornet stings you.
You feel yourself slow down.
The centaur shoots an arrow.
The arrow barely misses you.
The hornet stings you but does no damage.
Casting: Iskenderun's Mystic Blast (dangerous; 4% risk of failure)
Confirm with . or Enter, or press ? or * to list all spells.
You erupt in a blast of force!
The mystic blast hits the centaur.
The centaur is heavily wounded.
The centaur is knocked back by the mystic blast.
The mystic blast hits the wyvern.
The wyvern is lightly wounded.
The mystic blast hits the hornet!
You kill the hornet!
Sif Muna accepts your kill.
You feel yourself speed up.
You feel very sick. The wyvern barely misses you.
The centaur shoots an arrow.
The arrow hits you! The wyvern closely misses you.
Okay, then.
Unknown command.
You barely miss the wyvern.
The wyvern is lightly wounded.
You feel sick. The wyvern completely misses you.
The centaur shoots an arrow.
The arrow hits you!
* * * LOW HITPOINT WARNING * * *
You hit the wyvern but do no damage.
The wyvern is poisoned.
You bite the wyvern, but do no damage.
The wyvern is lightly wounded.
The wyvern bites you!
* * * LOW HITPOINT WARNING * * *
The centaur shoots an arrow.
The arrow misses you.
You hit the wyvern.
The wyvern looks as sick as possible!
The wyvern is lightly wounded.
You feel sick. The wyvern misses you.
The centaur shoots an arrow.
The arrow hits you!
You die...

#....###### .......
#.###........ .......
#...#........ .......
#...#........ ...c...
#...#........ .......
#...#........
.......#####...########.
.......k.?............#.
......†@..............#.
......................#.
......................#.
......................##
..$.....................
##########..............
#..............
#....#######... #....#
#...


You could see a wyvern (extremely poisoned) and a centaur.

Vanquished Creatures
  Pikel (D:6)
  Maggie (D:6)
  Jeremiah (D:6)
  Grinder (D:6)
  2 hornets (D:9)
  A shadow (D:9)
  3 wyverns
  Eustachio (D:5)
  A steam dragon (D:7)
  Menkaure (D:6)
  4 water moccasins
  Duvessa (D:4)
  5 ice beasts (D:7)
  2 black bears
  An ogre (D:5)
  4 orc warriors
  4 centaurs
  A lemure (D:6)
  3 kobold brigands
  2 scorpions
  3 bullfrogs
  Dowan (D:4)
  A bombardier beetle (D:3)
  5 orc priests
  A gnoll bouda (D:5)
  4 hounds
  2 jellies (D:5)
  A sleepcap (D:8)
  6 iguanas
  2 orc wizards
  13 gnolls
  10 adders
  8 ufetubi
  A dart slug (D:1)
  5 ribbon worms
  30 orcs
  5 ball pythons
  7 endoplasms
  3 giant cockroaches
  17 hobgoblins
  4 jackals (D:2)
  5 quokkas
  4 bats
  5 frilled lizards
  9 goblins
  33 kobolds
  5 rats
230 creatures vanquished.

Vanquished Creatures (others)
  5 fulminant prisms
5 creatures vanquished.

Grand Total: 235 creatures vanquished

Notes
Turn   | Place    | Note
-------+----------+-------------------------------------------
     0 | D:1      | graki42 the Gnoll Conjurer began the quest for the Orb.
     0 | D:1      | Reached XP level 1. HP: 13/13 MP: 6/6
   255 | D:1      | Reached XP level 2. HP: 19/19 MP: 5/7
   258 | D:1      | Learned a level 2 spell: Searing Ray
   766 | D:1      | Found a faded altar of an unknown god.
   957 | D:2      | Reached skill level 5 in Spellcasting
   957 | D:2      | Reached XP level 3. HP: 25/25 MP: 6/9
  1083 | D:2      | Found a hide-covered altar of Uskayaw.
  1172 | D:2      | Reached skill level 1 in Invocations
  1439 | D:2      | Reached skill level 1 in Fighting
  1439 | D:2      | Reached skill level 1 in Short Blades
  1439 | D:2      | Reached skill level 1 in Long Blades
  1439 | D:2      | Reached skill level 1 in Axes
  1439 | D:2      | Reached skill level 1 in Maces & Flails
  1439 | D:2      | Reached skill level 1 in Polearms
  1439 | D:2      | Reached skill level 1 in Staves
  1439 | D:2      | Reached skill level 1 in Ranged Weapons
  1439 | D:2      | Reached skill level 1 in Throwing
  1439 | D:2      | Reached skill level 1 in Armour
  1439 | D:2      | Reached skill level 1 in Shields
  1439 | D:2      | Reached skill level 1 in Unarmed Combat
  1439 | D:2      | Reached skill level 1 in Evocations
  1508 | D:2      | Reached skill level 1 in Shapeshifting
  1508 | D:2      | Reached XP level 4. HP: 28/32 MP: 1/11
  1874 | D:3      | Learned a level 4 spell: Fulminant Prism
  1879 | D:3      | Learned a level 4 spell: Iskenderun's Mystic Blast
  2021 | D:3      | Reached skill level 1 in Hexes
  2021 | D:3      | Reached skill level 1 in Summonings
  2021 | D:3      | Reached skill level 1 in Necromancy
  2021 | D:3      | Reached skill level 1 in Translocations
  2021 | D:3      | Reached skill level 1 in Fire Magic
  2021 | D:3      | Reached skill level 1 in Ice Magic
  2021 | D:3      | Reached skill level 1 in Air Magic
  2021 | D:3      | Reached skill level 1 in Earth Magic
  2021 | D:3      | Reached skill level 1 in Alchemy
  2045 | D:3      | Found Dekase's Book Shop.
  2272 | D:3      | Reached XP level 5. HP: 37/37 MP: 3/12
  2728 | D:4      | Found Varug's Weapon Shoppe.
  2728 | D:4      | Found a basalt altar of Yredelemnul.
  2994 | D:4      | Found Zeju's Antique Armour Boutique.
  3022 | D:4      | Noticed Duvessa
  3022 | D:4      | Noticed Dowan
  3159 | D:4      | Reached XP level 6. HP: 44/44 MP: 8/13
  3343 | D:4      | Reached skill level 5 in Dodging
  3405 | D:4      | Found Cown's General Store.
  3436 | D:4      | Found Poil's Armour Shop.
  3713 | D:4      | Found a glowing silver altar of Zin.
  3794 | D:4      | Found a broken altar of Ashenzari.
  4001 | D:4      | Killed Duvessa
  4002 | D:4      | Reached XP level 7. HP: 35/51 MP: 6/15
  4087 | D:4      | Killed Dowan
  4535 | D:4      | Found Qenoiq Xie's Weapon Boutique.
  4582 | D:4      | Reached skill level 5 in Stealth
  4837 | D:5      | Entered Level 5 of the Dungeon
  4937 | D:5      | Reached XP level 8. HP: 34/58 MP: 10/16
  5699 | D:5      | Noticed Eustachio
  5708 | D:5      | Killed Eustachio
  5876 | D:6      | Noticed Grinder
  5885 | D:6      | Killed Grinder
  6036 | D:6      | Found Fiem's Jewellery Shoppe.
  6133 | D:6      | Reached XP level 9. HP: 47/65 MP: 13/18
  6228 | D:6      | Found Mithex Hal's Antique Armour Shoppe.
  6303 | D:6      | Noticed Jeremiah
  6402 | D:6      | Killed Jeremiah
  6403 | D:6      | Reached skill level 8 in Conjurations
  6486 | D:6      | Noticed Pikel
  6494 | D:6      | Killed Pikel
  6495 | D:6      | Reached skill level 5 in Invocations
  6592 | D:6      | Found Neap's Distillery.
  6616 | D:6      | Noticed Maggie
  6627 | D:6      | Killed Maggie
  6758 | D:6      | Found Veuleet's Magic Scroll Shoppe.
  6784 | D:6      | Found Myrch's Book Shop.
  6924 | D:6      | Noticed Menkaure
  6934 | D:6      | Killed Menkaure
  7078 | D:6      | Found a bloodstained altar of Trog.
  7545 | D:7      | Reached skill level 5 in Fighting
  7545 | D:7      | Reached skill level 5 in Short Blades
  7545 | D:7      | Reached skill level 5 in Long Blades
  7545 | D:7      | Reached skill level 5 in Axes
  7545 | D:7      | Reached skill level 5 in Maces & Flails
  7545 | D:7      | Reached skill level 5 in Polearms
  7545 | D:7      | Reached skill level 5 in Staves
  7545 | D:7      | Reached skill level 5 in Ranged Weapons
  7545 | D:7      | Reached skill level 5 in Throwing
  7545 | D:7      | Reached skill level 5 in Armour
  7545 | D:7      | Reached skill level 5 in Shields
  7545 | D:7      | Reached skill level 5 in Unarmed Combat
  7545 | D:7      | Reached skill level 5 in Evocations
  7545 | D:7      | Reached XP level 10. HP: 74/74 MP: 20/20
  7770 | D:7      | Found a staircase to the Ecumenical Temple.
  8671 | D:8      | Found an ancient bone altar of Kikubaaqudgha.
  8672 | D:8      | Found a snail-covered altar of Cheibriados.
  8704 | D:8      | Found Kevoq's Antique Weapon Shop.
  8992 | D:8      | Reached skill level 5 in Shapeshifting
  9178 | D:8      | Found an opulent altar of Gozag.
  9429 | D:8      | Found a sparkling altar of Nemelex Xobeh.
  9593 | Temple   | Entered the Ecumenical Temple
  9606 | Temple   | Became a worshipper of Sif Muna the Loreminder
 10523 | D:9      | Found a hide-covered altar of Uskayaw.
 10947 | D:9      | Shot with an arrow by a centaur

Illustrated notes

Levels and vault maps discovered:
D:1:      dpeg_arrival_rooms_a, layout_rooms,
          shapermc_ecumenical_altar_flowoftime
D:2:      layout_basic, basic_altar, hangedman_decor_riveting
D:3:      layout_basic, serial_shops, shop, minmay_misc_feat_four_crosses,
          hangedman_decor_clover_reticule
D:4:      corexii_shantytown, layout_basic, overflow_temple_1_default,
          kennysheep_little_box, nicolae_ashenzari_skybound, serial_shops,
          nicolae_shop_pleasant_corner_grove, shop, shop, shop, shop,
          uniq_duvessa
D:5:      layout_rooms, nrook_pool_corridor, uniq_eustachio
D:6:      layout_basic, trog_book, serial_shops, shop, shop_coins, shop,
          nicolae_shop_pleasant_corner_grove, shop, uniq_menkaure, uniq_pikel,
          uniq_maggie, uniq_grinder, uniq_jeremiah
D:7:      layout_basic, minmay_temple_entry_from_below_b
D:8:      layout_basic, mainiacjoe_overflow_alcove_2,
          mainiacjoe_overflow_24_doors, mainiacjoe_overflow_divided_tiny,
          serial_shops, nicolae_take_the_stairs
D:9:      layout_irregular_city, nicolae_uskayaw_murder_on_the_dancefloor
Temple:   nicolae_temple_bog_church

Skill      XL: |  1  2  3  4  5  6  7  8  9 10 |
---------------+-------------------------------+-----
Spellcasting   | 5 6 7 |  7.8
Invocations    | 1 2 3 4 5 6 |  6.4
Fighting       | 1 2 3 5 |  5.9
Short Blades   | 1 2 3 5 |  5.9
Long Blades    | 1 2 3 5 |  5.9
Axes           | 1 2 3 5 |  5.9
Maces & Flails | 1 2 3 5 |  5.9
Polearms       | 1 2 3 5 |  5.9
Staves         | 1 2 3 5 |  5.9
Ranged Weapons | 1 2 3 5 |  5.9
Throwing       | 1 2 3 5 |  5.9
Armour         | 1 2 3 5 |  5.9
Shields        | 1 2 3 5 |  5.9
Unarmed Combat | 1 2 3 5 |  5.9
Evocations     | 1 2 3 5 |  5.9
Shapeshifting  | 1 2 3 4 5 |  5.3
Hexes          | 1 2 3 4 |  4.8
Summonings     | 1 2 3 4 |  4.8
Necromancy     | 1 2 3 4 |  4.8
Translocations | 1 2 3 4 |  4.8
Fire Magic     | 1 2 3 4 |  4.8
Ice Magic      | 1 2 3 4 |  4.8
Air Magic      | 1 2 3 4 |  4.8
Earth Magic    | 1 2 3 4 |  4.8
Alchemy        | 1 2 3 4 |  4.8
Dodging        | 5 6 7 |  7.5
Stealth        | 5 6 7 |  7.3
Conjurations   | 8 |  8.7

Action                     |  1- 3 |  4- 6 |  7- 9 | 10-12 || total
---------------------------+-------+-------+-------+-------++-------
  Melee: Dagger            |       |       |    14 |    52 ||    66
         Bite              |       |       |     2 |    12 ||    14
         Punch             |       |       |       |     2 ||     2
   Cast: Magic Dart        |    79 |    30 |     1 |       ||   110
         Searing Ray       |       |    33 |    58 |    30 ||   121
         Iskenderun's Myst |       |     2 |     9 |    21 ||    32
         Fulminant Prism   |       |       |       |     5 ||     5
    Use: Scroll            |       |       |     5 |       ||     5
         Potion            |       |       |       |     3 ||     3
   Stab: Sleeping          |       |       |     5 |     2 ||     7
         Distracted        |       |       |       |     1 ||     1
 Armour: Robe              |     4 |    20 |    56 |    87 ||   167
  Dodge: Dodged            |     4 |    13 |    73 |   106 ||   196

Table legend: (Time is in decaauts)
 A = Elapsed time spent in this place.
 B = Non-inter-level travel time spent in this place.
 C = Inter-level travel time spent in this place.
 D = Time resting spent in this place.
 E = Time spent auto-exploring this place.
 F = Levels seen in this place.
 G = Mean time per level.
                   A        B        C        D        E       F      G
               +--------+--------+--------+--------+--------+-----+--------+
         Total |  10946 |  10674 |    272 |   1443 |   7935 |  10 | 1094.6 |
       Dungeon |  10922 |  10661 |    261 |   1443 |   7935 |   9 | 1213.6 |
        Temple |     24 |     13 |     11 |      0 |      0 |   1 |   24.0 |
               +--------+--------+--------+--------+--------+-----+--------+

Top non-repeatable levels by time:
     D:4: 1906 daAuts
     D:6: 1327 daAuts
     D:7: 1309 daAuts
     D:9: 1284 daAuts
     D:3: 1137 daAuts
     D:5: 1103 daAuts
     D:8: 984 daAuts
     D:1: 955 daAuts
     D:2: 912 daAuts
  Temple: 24 daAuts
